 Dungeon Crawl Stone Soup version 0.25-a0-734-g73332aeda9 (webtiles) character file.

Game seed: 7276486631036575521, levelgen mode: deterministic

142 kae the Gusty (level 5, -3/28 HPs)
             Began as a Tengu Air Elementalist on Apr 10, 2020.
             Slain by a phantom (8 damage)
             ... on level 4 of the Dungeon.
             The game lasted 00:02:52 (3370 turns).

kae the Gusty (Tengu Air Elementalist)              Turns: 3370, Time: 00:02:53

Health: -3/28      AC:  2    Str:  9    XL:     5   Next: 24%
Magic:  1/10       EV: 15    Int: 16    God:
Gold:   98         SH:  0    Dex: 14    Spells: 1/9 levels left

rFire    . . .     SeeInvis .   (no weapon)
rCold    . . .     Gourm    .   (no shield)
rNeg     . . .     Faith    .   a - +0 robe
rPois    .         Spirit   .   (helmet restricted)
rElec    .         Reflect  .   (no cloak)
rCorr    .         Harm     .   (no gloves)
MR       .....                  (boots unavailable)
Stlth    ++........             (no amulet)
HPRegen  0.09/turn              (no ring)
MPRegen  0.12/turn              (no ring)

@: flying quickly and evasively, quick
A: beak, talons 3, able to fly
a: Stop Flying


You were on level 4 of the Dungeon.
You were near starving.

You visited 1 branch of the dungeon, and saw 4 of its levels.

You collected 98 gold pieces.

Inventory:

Armour
 a - a +0 robe (worn)
Scrolls
 b - 3 scrolls of remove curse
 f - a scroll of teleportation
 j - a scroll of random uselessness
Potions
 d - 2 potions of heal wounds
 e - a potion of lignification
 g - 3 potions of might
 h - a potion of brilliance {unknown}
 i - 2 potions of degeneration
Comestibles
 c - 5 rations


   Skills:
 - Level 2.1 Dodging
 - Level 2.0 Stealth
 + Level 2.9 Spellcasting
 * Level 4.7 Conjurations
 + Level 5.1 Air Magic


You had one spell level left.
You knew the following spells:

 Your Spells              Type           Power        Failure   Level  Hunger
a - Shock                 Conj/Air       ###.         2%          1    #......
b - Static Discharge      Conj/Air       ###.....     8%          3    ###....
c - Airstrike             Air            ###.......   22%         4    #####..

Your spell library contained the following spells:

 Spells                   Type           Power        Failure   Level  Hunger
 Swiftness                Chrm/Air       ##......     10%         2    ##.....
 Lightning Bolt           Conj/Air       ###.......   56%         5    ######.


Dungeon Overview and Level Annotations

Branches:
Dungeon (4/15)
 Temple: D:4-7

Altars:
Trog


Innate Abilities, Weirdness & Mutations

You have a beak for a mouth.
You have claws for feet.
You can fly continuously.


Message History

The phantom misses you.
You barely miss the phantom. Your kick misses the phantom.
The phantom is heavily damaged.
The phantom closely misses you.
Casting: Shock (safe; 2% risk of failure)
Confirm with . or Enter, or press ? or * to list all spells.
The phantom is struck by an arc of lightning.
The phantom is severely damaged.
You are struck by an arc of lightning.
The lightning grounds out.
The phantom barely misses you. The phantom hits you!
* * * LOW HITPOINT WARNING * * *
You hit the phantom but do no damage.
The phantom is severely damaged.
The phantom hits you.
* * * LOW HITPOINT WARNING * * *
You hit the phantom.
The phantom is severely damaged.
The phantom hits you!
You die...

########
#......#####
#.##.......#
#.##.#.###.#
#W##.#ยง..#
#@##.#..##
####.#...#
#.##.......#
#..........#
.............
#..............
#....#####.####
#.... .. #....
..#


You could see a phantom.

Vanquished Creatures
  An orc priest (D:3)
  6 adders
  An ooze (D:1)
  A worm (D:3)
  2 dart slugs
  A leopard gecko (D:3)
  4 orcs (D:3)
  2 giant cockroaches
  3 goblins
  A hobgoblin (D:3)
  2 jackals (D:3)
  3 kobolds
  A quokka (D:3)
  8 bats
  2 frilled lizards
  9 rats
47 creatures vanquished.

Notes
Turn   | Place    | Note
-------+----------+-------------------------------------------
     0 | D:1      | kae the Tengu Air Elementalist began the quest for the Orb.
     0 | D:1      | Reached XP level 1. HP: 10/10 MP: 4/4
   138 | D:1      | Reached XP level 2. HP: 15/15 MP: 0/6
   970 | D:2      | Reached XP level 3. HP: 16/19 MP: 1/7
  1639 | D:2      | Reached XP level 4. HP: 19/24 MP: 4/8
  2027 | D:2      | Found a bloodstained altar of Trog.
  2681 | D:3      | Reached skill level 5 in Air Magic
  2681 | D:3      | Gained mutation: You can fly continuously. [Tengu growth]
  2681 | D:3      | Reached XP level 5. HP: 21/28 MP: 3/10
  3253 | D:4      | Noticed an ogre
  3315 | D:3      | Learned a level 3 spell: Static Discharge
  3320 | D:3      | Learned a level 4 spell: Airstrike
  3331 | D:4      | Noticed a phantom
  3370 | D:4      | Slain by a phantom

Levels and vault maps discovered:
D:1:      dpeg_arrival_stone_temple_mockup, layout_basic
D:2:      layout_loops_ring, lightli_temple_of_fire, st_stairs_9
D:3:      layout_basic, first_ration, grunt_decor_fettered,
          chequers_serial_rivers_micro_e
D:4:      layout_basic, demons_altar, nicolae_overflow_hidden_temple

Skill      XL: |  1  2  3  4 |
---------------+-------------+-----
Conjurations   | 2 3 4 |  4.7
Air Magic      | 5 |  5.1
Dodging        | |  2.1
Stealth        | |  2.0
Spellcasting   | |  2.9

Action                   |  1- 3 |  4- 6 || total
-------------------------+-------+-------++-------
Melee: Unarmed           |    36 |    42 ||    78
       Kick              |     5 |     5 ||    10
       Peck              |     6 |     3 ||     9
 Cast: Shock             |    39 |    57 ||    96
       Airstrike         |       |     1 ||     1
       Static Discharge  |       |     1 ||     1
 Abil: Fly               |       |     1 ||     1
  Use: Scroll            |     6 |     3 ||     9
 Stab: Distracted        |       |     1 ||     1
  Eat: Chunk             |     3 |     4 ||     7
Armor: Robe              |    15 |     8 ||    23
Dodge: Dodged            |    46 |    30 ||    76

Table legend:
 A = Non-vault XP
 B = Vault XP
 C = Vault XP percentage of total XP
 D = Non-vault monster count
 E = Vault monster count
 F = Vault count percentage of total count
                 A         B        C        D         E       F
            +---------+---------+-------+---------+---------+-------
      Total |     175 |      28 |  13.8 |      44 |       3 |   6.4
            +---------+---------+-------+---------+---------+-------
        D:1 |      24 |       0 |   0.0 |      11 |       0 |   0.0
        D:2 |      36 |      28 |  43.8 |       9 |       3 |  25.0
        D:3 |     115 |       0 |   0.0 |      24 |       0 |   0.0
            +---------+---------+-------+---------+---------+-------
